 Dungeon Crawl Stone Soup version 0.19.0-22-gd96e5fe (webtiles) character file.

1349 tsouns the Covert (level 8, 0/42 HPs)
             Began as a Spriggan Assassin on Nov 18, 2016.
             Was a Believer of Dithmenos.
             Slain by a mummy (17 damage)
             ... in an ossuary.
             The game lasted 00:24:26 (7989 turns).

tsouns the Covert (Spriggan Assassin)               Turns: 7989, Time: 00:24:26

Health: 0/42       AC:  5    Str:  8    XL:     8   Next: 36%
Magic:  9/9        EV: 21    Int: 13    God:    Dithmenos [**....]
Gold:   289        SH:  0    Dex: 18    Spells: 0 memorised, 7 levels left

rFire  . . .     SeeInvis +     o - +1 dagger (speed)
rCold  . . .     Gourm    .     c - +0 robe
rNeg   + . .     Faith    .     (shield restricted)
rPois  .         Spirit   .     u - +1 hat
rElec  .         Reflect  .     d - +1 cloak
rCorr  +         Harm     .     (gloves unavailable)
MR     +....                    (boots unavailable)
Stlth  ++++++....               s - amulet of magic regeneration
                                l - ring of positive energy
                                m - ring of resist corrosion

@: wreathed by umbra, very quick
A: unfitting armour, see invisible, herbivore 3, speed 3, slow metabolism 2
a: Shadow Step, Renounce Religion


You were in an ossuary.
You worshipped Dithmenos.
Dithmenos was pleased with you.
You were not hungry.

You visited 1 branch of the dungeon, and saw 6 of its levels.
You also visited: Ossuary.

You collected 289 gold pieces.

Inventory:

Hand Weapons
 a - a +2 dagger
 b - a +0 blowgun
 o - a +1 dagger of speed (weapon)
 B - a +0 rapier
Missiles
 e - 13 poisoned needles
 f - 2 curare-tipped needles
 h - 212 stones (quivered)
 t - 2 tomahawks of returning
Armour
 c - a +0 robe (worn)
 d - a +1 cloak (worn)
 i - a +1 hat
 u - a +1 hat (worn)
Jewellery
 l - a ring of positive energy (right hand)
 m - a ring of resist corrosion (left hand)
 s - an amulet of magic regeneration (around neck)
Scrolls
 k - a scroll of fear
 y - a scroll of recharging
Potions
 n - a potion of beneficial mutation {unknown}
 p - 2 potions of resistance
 q - a potion of flight
 r - a potion of cure mutation {unknown}
 v - 3 potions of ambrosia
 w - a potion of might {unknown}
 x - a potion of degeneration {unknown}
 z - a potion of heal wounds {unknown}
 C - a potion of haste {unknown}
Comestibles
 g - 4 bread rations
 A - 7 fruits
 D - a royal jelly


   Skills:
 + Level 3.7 Fighting
 + Level 6.0 Short Blades
 + Level 4.6 Throwing
 + Level 5.8 Dodging
 + Level 9.8 Stealth


You had 7 spell levels left.
You didn't know any spells.

Dungeon Overview and Level Annotations

Branches:
Dungeon (6/15)             Temple (0/1) D:5

Altars:
Ashenzari
Dithmenos
Elyvilon
Fedhas
Hepliaklqana
Kikubaaqudgha
Nemelex Xobeh
Okawaru

Annotations:
D:4 Frank's ghost, novice GrGl
D:5 no0bjke's ghost, amateur GrGl


Innate Abilities, Weirdness & Mutations

You are very small and have problems with some larger weapons.
You are too small for most types of armour.
You have supernaturally acute eyesight. (SInv)
You are a herbivore.
You cover ground extremely quickly.
You need consume almost no food.


Message History

You hit the hobgoblin zombie.
The hobgoblin zombie is moderately damaged.
You hit the hobgoblin zombie.
The hobgoblin zombie is severely damaged.
You hit the hobgoblin zombie.
You destroy the hobgoblin zombie!
Dithmenos accepts your kill.
An elf zombie is nearby!
h - 211 stones (gained 1)
h - 212 stones (gained 1)
You see here a stone.
You see here 2 stones.
You see here a stone.
You hit the mummy but do no damage. You hit the mummy.
The mummy is lightly damaged.
You hit the mummy.
The mummy is lightly damaged.
The mummy hits you!
You die...

######################
#....................#
#....................#
#........8..8........#
#......Z(.(..(M@((...#
#...######..######...#
#...# #..# #...# #...#
#..# #...# #...# #..#
#...#
#.Z.#.M.......ZZ.#...#
#..Z#.......####.#...#
#...#.......# #...#
#...#.......# #...#


You could see a mummy.

Vanquished Creatures
  A hippogriff (D:4)
  2 centaurs (D:5)
  3 ogres
  A bullfrog (D:6)
  A howler monkey (D:6)
  A crimson imp (D:5)
  2 hounds (D:5)
  2 human zombies (Ossuary)
  2 orc priests
  An iguana (D:4)
  4 orc wizards
  2 worker ants (D:4)
  A hound skeleton (D:6)
  A mummy (Ossuary)
  2 gnolls (D:5)
  5 adders
  A shadow imp (D:5)
  3 oozes
  An adder zombie (D:5)
  3 worms
  2 dart slugs
  5 leopard geckos
  20 orcs
  3 ball pythons
  6 bats
  3 giant cockroaches
  8 goblins
  7 hobgoblins
  3 quokkas
  12 frilled lizards
  2 goblin zombies
  7 hobgoblin zombies (Ossuary)
  9 kobolds
  9 kobold zombies (Ossuary)
  9 orc zombies (Ossuary)
  7 rats
  A rat zombie (D:6)
152 creatures vanquished.

Vanquished Creatures (others)
  A kobold (D:3)
  5 fungi (D:5)
  A plant (D:5)
7 creatures vanquished.

Grand Total: 159 creatures vanquished

Notes
Turn   | Place    | Note
-------+----------+-------------------------------------------
     0 | D:1      | tsouns the Spriggan Assassin began the quest for the Orb.
     0 | D:1      | Reached XP level 1. HP: 10/10 MP: 2/2
    48 | D:1      | Reached skill level 6 in Stealth
   128 | D:1      | Reached XP level 2. HP: 14/14 MP: 3/3
   542 | D:1      | Found a hazy altar of Hepliaklqana.
   790 | D:1      | Reached XP level 3. HP: 18/18 MP: 4/4
  1659 | D:2      | Reached XP level 4. HP: 22/22 MP: 5/5
  1705 | D:2      | Reached skill level 7 in Stealth
  2035 | D:3      | Found a sparkling altar of Nemelex Xobeh.
  2447 | D:3      | Found an iron altar of Okawaru.
  2450 | D:3      | Found a shattered altar of Ashenzari.
  2454 | D:3      | Found a white marble altar of Elyvilon.
  2456 | D:3      | Found an ancient bone altar of Kikubaaqudgha.
  2642 | D:3      | Reached XP level 5. HP: 25/25 MP: 6/6
  2857 | D:4      | Noticed Frank's ghost (novice GrGl)
  3977 | D:4      | Noticed an ogre
  3983 | D:4      | Killed an ogre
  3983 | D:4      | Reached skill level 8 in Stealth
  3983 | D:4      | Reached XP level 6. HP: 30/30 MP: 7/7
  4008 | D:4      | Reached skill level 5 in Dodging
  4150 | D:4      | Found a shadowy altar of Dithmenos.
  4157 | D:4      | Became a worshipper of Dithmenos the Shadowed
  4438 | D:5      | Entered Level 5 of the Dungeon
  4544 | D:5      | Found a hazy altar of Hepliaklqana.
  4618 | D:5      | Reached XP level 7. HP: 15/35 MP: 8/8
  5040 | D:5      | Found a staircase to the Ecumenical Temple.
  5106 | D:5      | Noticed no0bjke's ghost (amateur GrGl)
  5205 | D:5      | Found a blossoming altar of Fedhas.
  5561 | D:5      | Reached skill level 5 in Short Blades
  6408 | D:4      | Noticed a hippogriff
  6476 | D:4      | Killed a hippogriff
  6476 | D:4      | Reached skill level 9 in Stealth
  6583 | D:4      | Reached XP level 8. HP: 25/40 MP: 9/9
  6752 | D:5      | Reached * piety under Dithmenos
  7486 | D:6      | Found a sand-covered staircase.
  7512 | Ossuary  | Entered an ossuary
  7647 | Ossuary  | Reached ** piety under Dithmenos
  7989 | Ossuary  | Slain by a mummy

Skill      XL: |  1  2  3  4  5  6  7  8 |
---------------+-------------------------+-----
Stealth        | 6 7 8 9 |  9.8
Dodging        | 2 3 4 5 |  5.8
Short Blades   | 3 4 5 6 |  6.0
Fighting       | 2 3 |  3.7
Throwing       | 3 4 |  4.6

Action                   |  1- 3 |  4- 6 |  7- 9 || total
-------------------------+-------+-------+-------++-------
Melee: Dagger            |   134 |   289 |   509 ||   932
 Fire: Blowgun           |    14 |    34 |    32 ||    80
Throw: Stone             |       |       |    21 ||    21
Evoke: Wand              |       |     1 |       ||     1
  Use: Scroll            |       |    11 |     1 ||    12
       Potion            |       |     1 |     1 ||     2
 Stab: Sleeping          |    13 |    10 |    13 ||    36
       Confused          |       |     1 |       ||     1
  Eat: Bread ration      |       |     1 |       ||     1
Armor: Robe              |    27 |    14 |    17 ||    58
Dodge: Dodged            |    88 |   137 |   216 ||   441
